AoeStats
← andreward10

Lombardia

507202214Analyzed
4v4 RM · 16d ago on Sep 17, 2026· 48m 53s· 8 players
Game mode
Random Map
Map size
Large (8 player)
Population
200
Speed
Normal
Resources
Standard
Victory
Conquest
Starting age
Dark Age
Ending age
Imperial Age
RankedLock teamsTeams togetherTeam positionsShared explorationLock speedFull tech treeHidden civsTurbo modeCheats
Victory
Defeat
🇦🇷 Franks · Argentina
822
+17
🇨🇳 Huns · China
794
+18
🇦🇷 Cumans · Argentina
791
+18
🇦🇷 Teutons · Argentina
785
+19
🇲🇽 Spanish · Mexico
1041
-25
🇲🇽 Byzantines · Mexico
960
-23
🇲🇽 Romans · Mexico
717
-13
🇲🇽 Sicilians · Mexico
662
-11
m4r7in4k7826
13:03 Feudal Age
14:43 Scale Barding Armor
14:49 Forging
17:50 Double-Bit Axe
20:20 Wheelbarrow
23:24 Castle Age
25:38 Husbandry
28:10 Hand Cart
28:17 Hand Cart
29:35 Gold Mining
29:57 Bow Saw
33:52 Imperial Age
35:14 Gold Shaft Mining
34:29 Stone Mining
34:36 Cavalier
38:25 Chemistry
38:04 Paladin
39:32 Chivalry
41:06 Chain Barding Armor
41:21 Iron Casting
MARADONA
5:31 Loom
6:00 Loom
15:19 Feudal Age
16:40 Wheelbarrow
15:34 Man-at-Arms
16:44 Horse Collar
18:05 Double-Bit Axe
19:06 Forging
18:57 Scale Mail Armor
25:50 Castle Age
25:07 Fletching
25:54 Crossbowman
26:00 Long Swordsman
26:28 Gambesons
28:50 Hand Cart
29:10 Gold Mining
32:15 Squires
31:40 Pikeman
37:55 Imperial Age
35:16 Town Watch
37:57 Halberdier
42:42 Caravan
42:40 Stone Mining
43:05 Two-Handed Swordsman
44:25 Town Patrol
45:31 Heavy Plow
47:18 Stone Shaft Mining
46:58 Champion
Bobarisha
14:04 Feudal Age
16:02 Double-Bit Axe
16:19 Loom
29:08 Castle Age
28:24 Horse Collar
31:12 Gold Mining
32:00 Wheelbarrow
31:20 Fletching
31:32 Padded Archer Armor
32:41 Bow Saw
32:13 Crossbowman
34:10 Capped Ram
37:46 Gold Shaft Mining
38:44 Bodkin Arrow
39:04 Leather Archer Armor
39:04 Stone Mining
42:48 Imperial Age
44:05 Siege Ram
812508893
11:18 Feudal Age
11:52 Double-Bit Axe
11:49 Horse Collar
16:10 Castle Age
17:01 Bow Saw
17:43 Heavy Plow
22:36 Stone Mining
22:38 Gold Mining
23:29 Wheelbarrow
24:25 Hand Cart
24:50 Gold Mining
27:08 Gold Shaft Mining
26:23 Stone Mining
29:28 Light Cavalry
30:13 Husbandry
30:23 Bloodlines
30:26 Forging
30:21 Scale Barding Armor
33:00 Imperial Age
31:42 Iron Casting
31:39 Marauders
32:13 Chain Barding Armor
34:49 Blast Furnace
34:54 Two-Man Saw
33:27 Elite Tarkan
34:36 Conscription
35:35 Plate Barding Armor
35:59 Town Watch
35:59 Loom
42:49 Caravan
Ricardio
4:11 Loom
11:48 Feudal Age
14:12 Horse Collar
17:22 Castle Age
18:02 Double-Bit Axe
20:43 Scale Mail Armor
24:03 Gold Mining
26:38 Chain Mail Armor
26:31 Scale Barding Armor
26:15 Pikeman
37:05 Imperial Age
35:50 Chain Barding Armor
38:36 Crossbowman
andreward10
11:51 Feudal Age
10:07 Loom
12:27 Double-Bit Axe
18:00 Castle Age
15:50 Horse Collar
17:23 Forging
31:02 Scale Barding Armor
34:24 Bloodlines
34:56 Fletching
35:12 Husbandry
35:53 Bodkin Arrow
43:52 Iron Casting
43:42 Chain Barding Armor
Tony mastroeni
0:32 Loom
11:53 Feudal Age
15:41 Double-Bit Axe
20:00 Castle Age
18:54 Horse Collar
21:05 Pikeman
30:24 Heavy Plow
30:37 Bow Saw
33:36 Scale Barding Armor
39:15 Squires
38:37 Man-at-Arms
39:24 Stone Mining
44:00 Forging
43:51 Scale Mail Armor
44:11 Chain Barding Armor
50:01 Imperial Age
morroko86
13:21 Feudal Age
12:23 Loom
14:47 Wheelbarrow
23:35 Castle Age
23:56 Scale Mail Armor
23:58 Padded Archer Armor
26:00 Pikeman
38:17 Chain Mail Armor
38:18 Leather Archer Armor
Connection lost

Rejoining the realm…

Still unreachable

The connection could not be restored.

Session expired

The server has moved on; the page needs a fresh start.